cohdb
Replays
Latest Replays
All Replays
Popular Replays
Top Player Replays
Match Explorer
How It Works
Community
CoH3 Stats
Reddit
Sign in to upload your games and track your stats! →
Sign in with Steam
Match 35183188
Unlisted
Match 35183188
Overview
Messages
Build Orders
End
Construct Section Command Post
Vickers Machine Gun Team
Selects Indian Artillery Battlegroup
Infantry Section
Infantry Section
Construct Platoon Command Post
Selects Valour
Humber Armored Car
Infantry Training
Selects Gurkha Rifles Section
6-pounder Anti-tank Gun Team
Construct Company Command Post
Crusader II Medium Tank
Armored Vehicle Training
Grenade Package
Crusader II Medium Tank
Selects Volunteer Infantry
Crusader II Medium Tank
Selects Artillery Saturation
Gurkha Rifles Section
Unlock M3 Grant Medium Tanks
Foot Guards Section
M3 Grant Medium Tank
Royal Engineer Section
M3 Grant Medium Tank
Selects Off-map Airburst Barrage
Selects Perimeter Monitor
Off-map Airburst Barrage
M3 Grant Medium Tank
Off-map Airburst Barrage
M3 Grant Medium Tank
Off-map Airburst Barrage
LuiSBa
King Kala
deadsadbadmad
Alessandro-9891
0
0
Comments
sign in to comment!
No comments posted yet!